 Dungeon Crawl Stone Soup version 0.30.1-4-g462c640d31 (webtiles) character file.

Game seed: 17084642627620064055

21 growler the Trooper (level 2, 23/24 HPs)
             Began as a Demonspawn Gladiator on Aug 19, 2023.
             Quit the game on level 1 of the Dungeon on Aug 20, 2023.
             The game lasted 00:01:16 (527 turns).

growler the Trooper (Demonspawn Gladiator)           Turns: 527, Time: 00:01:17

Health: 23/24      AC:  4    Str: 14    XL:     2   Next: 65%
Magic:  2/2        EV: 12    Int:  9    God:
Gold:   22         SH:  0    Dex: 14    Spells: 1/1 levels left

rFire   . . .        a - +0 war axe
rCold   . . .        (no shield)
rNeg    . . .        b - +0 leather armour
rPois   .            c - +0 helmet
rElec   .            (no cloak)
rCorr   .            (no gloves)
SInv    .            (no boots)
Will    .....        (no amulet)
Stlth   +            (no ring)
HPRegen 0.24/turn    (no ring)
MPRegen 0.08/turn

%: no passive effects
@: no status effects
A: claws 1
a: no special abilities


You were on level 1 of the Dungeon.
You visited 1 branch of the dungeon, and saw 1 of its levels.

You collected 22 gold pieces.

Inventory:

Hand Weapons
 a - a +0 war axe (weapon)
Missiles
 d - 4 throwing nets (quivered)
 e - a javelin
Armour
 b - a +0 leather armour (worn)
 c - a +0 helmet (worn)
Scrolls
 f - a scroll of identify {unknown}
 g - a scroll of vulnerability {unknown}


   Skills:
 + Level 3.3 Fighting
 - Level 2.6 Axes
 - Level 1.7 Throwing
 - Level 2.6 Dodging


You had one spell level left.
You didn't know any spells.
Your spell library was empty.

Dungeon Overview and Level Annotations

Branches:
Dungeon (1/15)

Altars:


Innate Abilities, Weirdness & Mutations

You have sharp fingernails.


Message History

You hit the hobgoblin.
The hobgoblin is almost dead.
The hobgoblin barely misses you.
You slash the hobgoblin!
You kill the hobgoblin!
You hit the hobgoblin.
The hobgoblin is moderately wounded.
The hobgoblin barely misses you.
The hobgoblin hits you but does no damage.
You hit the hobgoblin.
You kill the hobgoblin!
No target in view!
No target in view!
Things that are here:
a hobgoblin corpse; a hobgoblin corpse
There is a fountain of clear blue water here.
You open the door.
There is an open door here.
You open the door.
There is an open door here.
A rat comes into view.
A rat is nearby!
A ball python comes into view.
You completely miss the rat.
The ball python hisses angrily.
The rat misses you.
You slash the rat!
You kill the rat!
You hit the ball python.
The ball python is severely wounded.
The ball python bites you but does no damage.
The ball python grabs you. The ball python constricts you.
The ball python bites you. The ball python constricts you.
You barely miss the ball python.
The ball python is severely wounded.
The ball python closely misses you. The ball python constricts you.
The ball python closely misses you. The ball python constricts you.
You slash the ball python!
You kill the ball python!
Are you sure you want to abandon this character and quit the game? (Confirm with "yes".)

#..# #.# #..# #.# ###
### #..# ####.###..
..#####..# ........#
#........# .......#
#.##.##...
##.###......###.##......
.......†# #.....#####...
#.@# #......# ###.
#..###.#.##.# #P.
#......#.##.## ##≈.
#.....##.#.#.#...###≈≈.
#.###.##.#.#.#...#P≈≈≈.
#.##.#.#.#.........
#.##.#.#.#..##P≈≈≈.
#.##.#.#.#..####≈≈.
####.##.#.#.#..# ##≈.


There were no monsters in sight!

Vanquished Creatures
  2 ball pythons (D:1)
  A giant cockroach (D:1)
  2 goblins (D:1)
  3 hobgoblins (D:1)
  2 quokkas (D:1)
  A frilled lizard (D:1)
  2 kobolds (D:1)
  7 rats (D:1)
20 creatures vanquished.

Notes
Turn   | Place    | Note
-------+----------+-------------------------------------------
     0 | D:1      | growler the Demonspawn Gladiator began the quest for the
                  | Orb.
     0 | D:1      | Reached XP level 1. HP: 16/16 MP: 1/1
    62 | D:1      | Found a faded altar of an unknown god.
   153 | D:1      | Gained mutation: You have sharp fingernails. [demonic
                  | ancestry]
   153 | D:1      | Reached XP level 2. HP: 23/23 MP: 2/2
   242 | D:1      | Reached skill level 3 in Fighting
   527 | D:1      | Quit the game

Illustrated notes

Levels and vault maps discovered:
D:1:      dpeg_arrival_court, layout_loops_ring,
          hellmonk_ecumenical_altar_arch_garden, dreamdust_princess_bridge,
          nicolae_concentric_dashed_squares_mild

Skill      XL: |  1  2 |
---------------+-------+-----
Fighting       | 3 |  3.3
Axes           | |  2.6
Throwing       | |  1.7
Dodging        | |  2.6

Action                     || total
---------------------------++-------
  Melee: War axe           ||    43
 Armour: Leather armour    ||    16
  Dodge: Dodged            ||    29
